[ PARTIDA AOE2 · #493687570 ]
UnrankedVietnamitas vs Mongols
Equipo del jugador · VICT
Equipo rival · DERR
[ ANÁLISIS DE REPETICIÓN · EXTRAÍDO DE LA PARTIDA GRABADA ]
Feudal
8:59
Castillos
20:36
Imperial
32:27
| APM promedio | 72.8 |
| APM pico | 134 |
| eAPM promedio | 25.7 |
| Aldeanos / militares | 82 / 71 |
Foco
⚔️ 50.7% · 🌾 49.3%
Cavalry Archer ×59 · Scout Cavalry ×5 · Trebuchet (Packed) ×5 · Spearman ×2
Feudal
8:58
Castillos
21:40
Imperial
—
| APM promedio | 39.2 |
| APM pico | 80 |
| eAPM promedio | 17.9 |
| Aldeanos / militares | 116 / 54 |
Foco
⚔️ 34.1% · 🌾 65.9%
Steppe Lancer ×24 · Scout Cavalry ×11 · Scorpion ×10 · Spearman ×9
Mapa de la partida
Recursos iniciales + cada clic de construcción. Líneas = muros · curvas = relieve. ◆ oro · ⬟ piedra · ● bayas · ✦ reliquia · ◌ hueco del cierre
Tu base· ✓ Cerrada en 20:36 · 68t muro · 1 puerta(s)
Base de 长崎素世· Abierta — el rival se encerró
Terreno inicial suavizado · ◌ = hueco del cierre detectado · pasá el cursor para detalles
Inputs por minuto
— DS_Uruguayo - - 长崎素世
Build order — DS_Uruguayo
Primeras 150 de 287 acciones detectadas
| 0:00 | Crear | Villager (Male) |
| 0:01 | Crear | Villager (Male) |
| 0:01 | Construir | House |
| 0:02 | Construir | House |
| 0:21 | Crear | Villager (Male) |
| 0:21 | Crear | Villager (Male) |
| 1:26 | Crear | Villager (Male) |
| 1:53 | Crear | Villager (Male) |
| 1:53 | Crear | Villager (Male) |
| 1:59 | Construir | Lumber Camp |
| 2:25 | Crear | Villager (Male) |
| 2:53 | Crear | Villager (Male) |
| 2:53 | Crear | Villager (Male) |
| 3:20 | Crear | Villager (Male) |
| 3:21 | Crear | Villager (Male) |
| 3:45 | Crear | Villager (Male) |
| 3:54 | Construir | House |
| 4:04 | Crear | Villager (Male) |
| 4:04 | Crear | Villager (Male) |
| 4:39 | Construir | Mill |
| 4:40 | Crear | Villager (Male) |
| 4:41 | Crear | Villager (Male) |
| 4:41 | Crear | Villager (Male) |
| 4:50 | Crear | Villager (Male) |
| 4:50 | Crear | Villager (Male) |
| 4:51 | Crear | Villager (Male) |
| 6:24 | Investigar | Loom |
| 6:36 | Investigar | Feudal Age |
| 6:36 | Investigar | Feudal Age |
| 7:55 | Construir | Barracks |
| 7:58 | Construir | House |
| 8:49 | Crear | Villager (Male) |
| 8:59 | Edad | Edad Feudal |
| 9:03 | Construir | Stable |
| 9:12 | Crear | Villager (Male) |
| 9:15 | Investigar | Double-Bit Axe |
| 9:16 | Investigar | Horse Collar |
| 9:26 | Crear | Villager (Male) |
| 9:44 | Crear | Villager (Male) |
| 9:46 | Construir | House |
| 9:49 | Construir | Palisade Wall |
| 9:51 | Construir | Palisade Wall |
| 9:54 | Crear | Villager (Male) |
| 10:03 | Crear | Spearman |
| 10:05 | Construir | Farm |
| 10:07 | Construir | Farm |
| 10:10 | Crear | Scout Cavalry |
| 10:21 | Construir | House |
| 10:22 | Construir | Palisade Wall |
| 10:31 | Construir | Farm |
| 10:39 | Crear | Villager (Male) |
| 10:53 | Crear | Spearman |
| 10:56 | Crear | Scout Cavalry |
| 10:59 | Construir | Farm |
| 11:13 | Crear | Villager (Male) |
| 11:23 | Crear | Villager (Male) |
| 11:26 | Construir | House |
| 11:27 | Construir | Palisade Wall |
| 11:33 | Crear | Scout Cavalry |
| 11:33 | Crear | Scout Cavalry |
| 11:36 | Construir | Farm |
| 11:51 | Crear | Villager (Male) |
| 11:53 | Construir | Palisade Wall |
| 12:04 | Construir | Farm |
| 12:05 | Crear | Villager (Male) |
| 12:08 | Construir | Farm |
| 12:34 | Crear | Villager (Male) |
| 12:43 | Crear | Villager (Male) |
| 12:45 | Construir | Farm |
| 12:49 | Construir | Palisade Wall |
| 12:51 | Construir | Palisade Wall |
| 12:56 | Construir | Palisade Wall |
| 13:08 | Crear | Villager (Male) |
| 13:08 | Crear | Scout Cavalry |
| 13:13 | Construir | Palisade Wall |
| 13:13 | Construir | Palisade Wall |
| 13:16 | Construir | Palisade Wall |
| 13:17 | Construir | Palisade Wall |
| 13:17 | Construir | Palisade Wall |
| 13:17 | Construir | Palisade Wall |
| 13:18 | Construir | Palisade Wall |
| 13:18 | Construir | Palisade Wall |
| 13:24 | Construir | Palisade Gate |
| 13:40 | Construir | Farm |
| 13:51 | Construir | Palisade Wall |
| 13:58 | Crear | Villager (Male) |
| 14:00 | Construir | Farm |
| 14:05 | Construir | House |
| 14:08 | Construir | Palisade Wall |
| 14:09 | Construir | Palisade Wall |
| 14:13 | Construir | Farm |
| 14:14 | Construir | Farm |
| 14:16 | Construir | Farm |
| 14:36 | Crear | Villager (Male) |
| 14:41 | Construir | Farm |
| 14:47 | Construir | Farm |
| 14:51 | Construir | House |
| 15:05 | Crear | Villager (Male) |
| 15:08 | Construir | House |
| 15:10 | Construir | Palisade Wall |
| 15:19 | Crear | Villager (Male) |
| 15:34 | Construir | Farm |
| 15:34 | Crear | Villager (Male) |
| 15:41 | Crear | Villager (Male) |
| 15:43 | Construir | Mining Camp |
| 16:24 | Investigar | Wheelbarrow |
| 16:25 | Crear | Villager (Male) |
| 16:31 | Construir | Palisade Wall |
| 16:49 | Construir | House |
| 17:06 | Crear | Villager (Male) |
| 17:09 | Construir | Blacksmith |
| 17:32 | Construir | Palisade Wall |
| 17:36 | Construir | Palisade Wall |
| 17:56 | Investigar | Castle Age |
| 17:56 | Investigar | Castle Age |
| 17:56 | Investigar | Castle Age |
| 18:08 | Investigar | Gold Mining |
| 18:17 | Crear | Villager (Male) |
| 18:46 | Construir | Lumber Camp |
| 18:51 | Construir | Archery Range |
| 18:56 | Construir | Archery Range |
| 19:17 | Investigar | Fletching |
| 19:19 | Investigar | Bloodlines |
| 19:33 | Construir | Palisade Wall |
| 20:36 | Edad | Edad de los Castillos |
| 20:38 | Crear | Cavalry Archer |
| 20:39 | Crear | Cavalry Archer |
| 20:39 | Crear | Cavalry Archer |
| 20:39 | Investigar | Bodkin Arrow |
| 20:50 | Construir | Archery Range |
| 20:53 | Construir | University |
| 21:01 | Construir | Palisade Gate |
| 21:08 | Crear | Cavalry Archer |
| 21:08 | Crear | Cavalry Archer |
| 21:09 | Crear | Villager (Male) |
| 21:10 | Investigar | Husbandry |
| 21:17 | Crear | Villager (Male) |
| 21:20 | Investigar | Bow Saw |
| 21:20 | Investigar | Bow Saw |
| 21:33 | Construir | House |
| 21:38 | Construir | House |
| 21:38 | Construir | House |
| 21:40 | Crear | Cavalry Archer |
| 21:40 | Crear | Cavalry Archer |
| 21:40 | Crear | Cavalry Archer |
| 21:47 | Crear | Cavalry Archer |
| 21:47 | Crear | Cavalry Archer |
| 21:48 | Crear | Cavalry Archer |
| 21:51 | Crear | Villager (Male) |
| 22:12 | Crear | Cavalry Archer |
Build order — 长崎素世
Primeras 150 de 259 acciones detectadas
| 0:01 | Crear | Villager (Male) |
| 0:01 | Crear | Villager (Male) |
| 0:01 | Crear | Villager (Male) |
| 0:01 | Crear | Villager (Male) |
| 0:02 | Construir | House |
| 0:04 | Construir | House |
| 0:05 | Construir | House |
| 1:45 | Crear | Villager (Male) |
| 1:45 | Crear | Villager (Male) |
| 2:13 | Crear | Villager (Male) |
| 2:13 | Crear | Villager (Male) |
| 2:18 | Construir | Lumber Camp |
| 2:35 | Crear | Villager (Male) |
| 2:35 | Crear | Villager (Male) |
| 2:35 | Crear | Villager (Male) |
| 3:06 | Crear | Villager (Male) |
| 3:30 | Crear | Villager (Male) |
| 3:30 | Crear | Villager (Male) |
| 3:52 | Crear | Villager (Male) |
| 3:52 | Crear | Villager (Male) |
| 4:16 | Crear | Villager (Male) |
| 4:17 | Crear | Villager (Male) |
| 4:40 | Crear | Villager (Male) |
| 4:59 | Crear | Villager (Male) |
| 5:00 | Crear | Villager (Male) |
| 5:40 | Construir | Mill |
| 5:55 | Investigar | Loom |
| 6:29 | Investigar | Feudal Age |
| 7:06 | Construir | Barracks |
| 7:33 | Construir | House |
| 7:39 | Crear | Villager (Male) |
| 8:19 | Construir | Palisade Wall |
| 8:20 | Construir | House |
| 8:22 | Construir | Palisade Wall |
| 8:45 | Construir | House |
| 8:58 | Edad | Edad Feudal |
| 9:06 | Investigar | Double-Bit Axe |
| 9:20 | Construir | Stable |
| 9:38 | Construir | Stable |
| 9:42 | Crear | Villager (Male) |
| 9:42 | Crear | Villager (Male) |
| 9:43 | Crear | Spearman |
| 9:48 | Construir | Farm |
| 9:49 | Construir | Farm |
| 10:05 | Construir | Farm |
| 10:10 | Crear | Villager (Male) |
| 10:12 | Crear | Spearman |
| 10:18 | Construir | House |
| 10:20 | Construir | House |
| 10:27 | Construir | Farm |
| 10:53 | Crear | Scout Cavalry |
| 10:53 | Crear | Scout Cavalry |
| 10:54 | Crear | Scout Cavalry |
| 10:55 | Construir | Farm |
| 10:57 | Construir | Farm |
| 11:02 | Crear | Villager (Male) |
| 11:03 | Crear | Villager (Male) |
| 11:07 | Construir | Farm |
| 11:29 | Construir | Palisade Wall |
| 11:37 | Crear | Villager (Male) |
| 11:46 | Construir | Farm |
| 11:59 | Construir | Farm |
| 12:03 | Crear | Villager (Male) |
| 12:03 | Crear | Scout Cavalry |
| 12:04 | Crear | Scout Cavalry |
| 12:41 | Crear | Villager (Male) |
| 12:43 | Construir | Farm |
| 12:53 | Crear | Villager (Male) |
| 12:55 | Construir | Farm |
| 12:58 | Crear | Spearman |
| 12:58 | Crear | Spearman |
| 13:11 | Crear | Villager (Male) |
| 13:39 | Crear | Villager (Male) |
| 14:00 | Crear | Villager (Male) |
| 14:04 | Construir | Farm |
| 14:06 | Crear | Scout Cavalry |
| 14:07 | Crear | Scout Cavalry |
| 14:16 | Construir | Farm |
| 14:17 | Construir | Farm |
| 14:19 | Construir | Farm |
| 14:19 | Construir | Farm |
| 14:23 | Crear | Villager (Male) |
| 14:26 | Crear | Spearman |
| 14:30 | Construir | Farm |
| 15:00 | Crear | Scout Cavalry |
| 15:01 | Crear | Villager (Male) |
| 15:03 | Crear | Scout Cavalry |
| 15:19 | Crear | Villager (Male) |
| 15:46 | Crear | Villager (Male) |
| 15:56 | Construir | House |
| 15:57 | Construir | House |
| 15:57 | Construir | House |
| 15:58 | Construir | House |
| 15:59 | Construir | House |
| 16:04 | Crear | Spearman |
| 16:17 | Construir | Mining Camp |
| 16:20 | Crear | Spearman |
| 16:23 | Crear | Villager (Male) |
| 16:23 | Crear | Villager (Male) |
| 16:33 | Investigar | Town Watch |
| 17:07 | Crear | Villager (Male) |
| 17:09 | Crear | Scout Cavalry |
| 17:09 | Crear | Scout Cavalry |
| 17:11 | Crear | Spearman |
| 17:12 | Crear | Spearman |
| 17:35 | Crear | Villager (Male) |
| 18:27 | Crear | Villager (Male) |
| 18:33 | Construir | Blacksmith |
| 19:00 | Investigar | Castle Age |
| 19:04 | Construir | House |
| 19:04 | Construir | House |
| 19:05 | Construir | House |
| 19:09 | Construir | Palisade Wall |
| 19:10 | Construir | Palisade Wall |
| 19:10 | Construir | Palisade Wall |
| 19:12 | Crear | Villager (Male) |
| 19:40 | Investigar | Forging |
| 19:40 | Investigar | Scale Barding Armor |
| 20:03 | Construir | Farm |
| 20:40 | Construir | Stable |
| 20:56 | Construir | Farm |
| 21:00 | Investigar | Bloodlines |
| 21:01 | Investigar | Scale Barding Armor |
| 21:36 | Construir | Farm |
| 21:40 | Edad | Edad de los Castillos |
| 21:43 | Crear | Steppe Lancer |
| 21:43 | Crear | Steppe Lancer |
| 22:05 | Investigar | Chain Barding Armor |
| 22:09 | Crear | Steppe Lancer |
| 22:10 | Crear | Steppe Lancer |
| 22:15 | Crear | Villager (Male) |
| 22:15 | Crear | Villager (Male) |
| 22:28 | Crear | Steppe Lancer |
| 22:29 | Crear | Steppe Lancer |
| 22:56 | Construir | Town Center |
| 23:06 | Crear | Villager (Male) |
| 23:06 | Crear | Villager (Male) |
| 23:08 | Crear | Steppe Lancer |
| 23:09 | Crear | Steppe Lancer |
| 23:19 | Crear | Steppe Lancer |
| 23:19 | Crear | Steppe Lancer |
| 24:03 | Crear | Villager (Male) |
| 24:04 | Crear | Villager (Male) |
| 24:04 | Crear | Villager (Male) |
| 24:13 | Construir | Town Center |
| 24:24 | Crear | Steppe Lancer |
| 24:24 | Crear | Steppe Lancer |
| 24:39 | Construir | Farm |
| 24:41 | Crear | Villager (Male) |
| 24:41 | Crear | Villager (Male) |
Cronología de la partida
| 7:06 | 长崎素世 · first_building Barracks |
| 7:55 | DS_Uruguayo · first_building Barracks |
| 8:19 | 长崎素世 · wall_segment Palisade Wall x7 |
| 8:22 | 长崎素世 · wall_segment Palisade Wall x8 |
| 8:58 | 长崎素世 · age_up feudal |
| 8:59 | DS_Uruguayo · age_up feudal |
| 9:03 | DS_Uruguayo · first_building Stable |
| 9:20 | 长崎素世 · first_building Stable |
| 9:49 | DS_Uruguayo · wall_segment Palisade Wall x3 |
| 9:51 | DS_Uruguayo · wall_segment Palisade Wall x8 |
| 10:22 | DS_Uruguayo · wall_segment Palisade Wall x7 |
| 11:27 | DS_Uruguayo · wall_segment Palisade Wall x5 |
| 11:29 | 长崎素世 · wall_segment Palisade Wall x1 |
| 11:53 | DS_Uruguayo · wall_segment Palisade Wall x3 |
| 12:49 | DS_Uruguayo · wall_segment Palisade Wall x1 |
| 12:51 | DS_Uruguayo · wall_segment Palisade Wall x1 |
| 12:56 | DS_Uruguayo · wall_segment Palisade Wall x1 |
| 13:13 | DS_Uruguayo · wall_segment Palisade Wall x1 |
| 13:13 | DS_Uruguayo · wall_segment Palisade Wall x1 |
| 13:16 | DS_Uruguayo · wall_segment Palisade Wall x1 |
| 13:17 | DS_Uruguayo · wall_segment Palisade Wall x1 |
| 13:17 | DS_Uruguayo · wall_segment Palisade Wall x1 |
| 13:17 | DS_Uruguayo · wall_segment Palisade Wall x2 |
| 13:18 | DS_Uruguayo · wall_segment Palisade Wall x1 |
| 13:18 | DS_Uruguayo · wall_segment Palisade Wall x1 |
| 13:51 | DS_Uruguayo · wall_segment Palisade Wall x1 |
| 14:08 | DS_Uruguayo · wall_segment Palisade Wall x5 |
| 14:09 | DS_Uruguayo · wall_segment Palisade Wall x8 |
| 15:10 | DS_Uruguayo · wall_segment Palisade Wall x4 |
| 16:31 | DS_Uruguayo · wall_segment Palisade Wall x2 |
| 17:32 | DS_Uruguayo · wall_segment Palisade Wall x12 |
| 17:36 | DS_Uruguayo · wall_segment Palisade Wall x1 |
| 18:51 | DS_Uruguayo · first_building Archery Range |
| 19:09 | 长崎素世 · wall_segment Palisade Wall x1 |
| 19:10 | 长崎素世 · wall_segment Palisade Wall x2 |
| 19:10 | 长崎素世 · wall_segment Palisade Wall x1 |
| 19:33 | DS_Uruguayo · wall_segment Palisade Wall x1 |
| 20:36 | DS_Uruguayo · age_up castle |
| 21:40 | 长崎素世 · age_up castle |
| 24:29 | DS_Uruguayo · wall_segment Palisade Wall x1 |
| 25:07 | DS_Uruguayo · wall_segment Palisade Wall x1 |
| 25:11 | DS_Uruguayo · wall_segment Palisade Wall x1 |
| 25:12 | DS_Uruguayo · wall_segment Palisade Wall x1 |
| 25:13 | DS_Uruguayo · wall_segment Palisade Wall x1 |
| 26:05 | DS_Uruguayo · wall_segment Palisade Wall x1 |
| 28:44 | DS_Uruguayo · wall_segment Palisade Wall x1 |
| 28:52 | DS_Uruguayo · first_building Monastery |
| 29:41 | 长崎素世 · first_market_buy 100 food |
| 30:29 | 长崎素世 · first_building Siege Workshop |
| 32:07 | DS_Uruguayo · first_building Castle |
| 32:27 | DS_Uruguayo · age_up imperial |
| 33:05 | 长崎素世 · first_market_sell 100 food |
| 33:15 | 长崎素世 · first_building Castle |
| 35:20 | DS_Uruguayo · first_market_sell 100 wood |
| 35:21 | DS_Uruguayo · first_market_buy 100 food |
| 35:46 | 长崎素世 · resign |
[ ANÁLISIS IA · 1 CRÉDITO ]
¿Qué pasó realmente en esta partida?
Wolo.gg analiza cada decisión: build order, eco, micro, errores típicos por bracket. Análisis personalizado por WhatsApp o Discord en 30 segundos.
Guía civ
Vietnamitas
Perfil
Jugador #24973127